 Dungeon Crawl Stone Soup version 0.18-a0-1418-ga86aa8f (webtiles) character file.

65 Foomius the Grave Robber (level 3, 0/29 HPs)
             Began as a Demonspawn Necromancer on Feb 26, 2016.
             Was an Initiate of Makhleb.
             Slain by a worm (3 damage)
             ... on level 2 of the Dungeon.
             The game lasted 00:08:48 (2090 turns).

Foomius the Grave Robber (Demonspawn Necromancer)   Turns: 2090, Time: 00:08:49

Health: 0/29       AC:  3    Str:  8    XL:     3   Next: 94%
Magic:  0/6        EV: 11    Int: 17    God:    Makhleb [......]
Gold:   54         SH:  0    Dex: 13    Spells: 2 memorised, 3 levels left

rFire  . . .     SeeInvis .     e - +0 hand axe
rCold  . . .     Gourm    .     i - +0 leather armour
rNeg   . . .     Faith    .     (no shield)
rPois  .         Spirit   .     (helmet restricted)
rElec  .         Dismiss  .     (no cloak)
rCorr  .         Reflect  .     (no gloves)
SustAt .         Harm     .     (no boots)
MR     .....                    (no amulet)
Stlth  ++........               (no ring)
                                (no ring)

@: not resistant to hostile enchantments, unstealthy
A: horns 1, demonic guardian 1
a: Renounce Religion


You were on level 2 of the Dungeon.
You worshipped Makhleb.
Makhleb was noncommittal.
You were not hungry.

You visited 1 branch of the dungeon, and saw 2 of its levels.

You collected 54 gold pieces.

Inventory:

Hand Weapons
 e - a +0 hand axe (weapon)
Armour
 a - a +0 robe
 i - a +0 leather armour (worn)
Scrolls
 g - a scroll of fear {unknown}
 l - a scroll of identify {unknown}
 n - a scroll of blinking {unknown}
Potions
 o - a potion of degeneration {unknown}
Books
 b - a book of Necromancy

   Spells                             Type                      Level
   a - Pain                           Necromancy                   1
   b - Animate Skeleton               Necromancy                   1
   c - Vampiric Draining              Necromancy                   3
   d - Regeneration                   Charms/Necromancy            3
   e - Animate Dead                   Necromancy                   4
   f - Control Undead                 Necromancy                   4
Comestibles
 c - 2 bread rations
 d - 2 royal jellies
 h - 4 fruits
 k - a meat ration


   Skills:
 + Level 3.1 Fighting
 - Level 1.7 Dodging
 - Level 1.7 Stealth
 + Level 2.5 Spellcasting
 - Level 4.3 Necromancy


You had 3 spell levels left.
You knew the following spells:

 Your Spells              Type           Power        Failure   Level  Hunger
a - Pain                  Necr           ###.         4%          1    #......
b - Vampiric Draining     Necr           ###.......   14%         3    ###....


Dungeon Overview and Level Annotations

Branches:
Dungeon (2/15)

Altars:
Makhleb


Innate Abilities, Weirdness & Mutations

You have a pair of small horns on your head.
A weak demonic guardian rushes to your aid.


Message History

Casting: Pain
Confirm with . or Enter, or press ? or * to list all spells.
Aiming: Pain
Press: ? - help, Shift-Dir - straight line, f/p - worm
Aim: a worm (severely wounded, chance to defeat MR: 82%)
The worm convulses in agony!
A quokka comes into view.
Casting: Pain
Confirm with . or Enter, or press ? or * to list all spells.
You don't have enough magic to cast that spell.
Throwing (i - inventory):
m - a tomahawk (quivered)
Press: ? - help, Shift-Dir - straight line, f/p - worm
Aim: a worm (almost dead)
You throw a tomahawk.
The tomahawk completely misses the worm.
The quokka barely misses you.
You hit the worm.
The worm is almost dead.
You barely miss the quokka. The quokka closely misses you. The worm bites you.
You die...

#. ###.### ....>.
#.#.####$.. #...r...... ...
#..@# #.. ... #.#..w# #.#
... #.#...# #.# ...######
#.#...###.# ... ........#
#.#.......# .... ........#
#.##......# ..) ........#
#.###.###.## ...
#....)..####.# #(##...###.#
†......(.(...#####.)...##.#


You could see a worm and a quokka.

Vanquished Creatures
  3 oozes
  A worm (D:2)
  A giant gecko (D:2)
  5 giant cockroaches
  5 goblins
  6 hobgoblins
  7 jackals
  A ball python (D:1)
  5 bats
  2 kobolds
  8 rats
44 creatures vanquished.

Notes
Turn   | Place    | Note
--------------------------------------------------------------
     0 | D:1      | Foomius the Demonspawn Necromancer began the quest for the Orb.
     0 | D:1      | Reached XP level 1. HP: 13/13 MP: 3/3
    45 | D:1      | Reached skill level 1 in Fighting
   203 | D:1      | Gained mutation: You have a pair of small horns on your head. [demonic ancestry]
   203 | D:1      | Reached XP level 2. HP: 1/21 MP: 0/5
  1231 | D:1      | Gained mutation: A weak demonic guardian rushes to your aid. [demonic ancestry]
  1231 | D:1      | Reached XP level 3. HP: 21/28 MP: 2/6
  1697 | D:2      | Found a burning altar of Makhleb.
  1707 | D:2      | Became a worshipper of Makhleb the Destroyer
  1882 | D:2      | Learned a level 3 spell: Vampiric Draining
  2090 | D:2      | Slain by a worm

Vault maps used:
D:1:      minmay_arrival_four_circles
D:2:      lemuel_round_altar, first_bread

Skill      XL: |  1  2  3 |
---------------+----------+-----
Fighting       | 1 2 3 |  3.1
Dodging        | |  1.7
Stealth        | |  1.7
Spellcasting   | |  2.5
Necromancy     | |  4.3

Action                   || total
-------------------------++-------
Melee: Hand axe          ||    40
Throw: Tomahawk          ||    15
 Cast: Pain              ||    79
  Use: Scroll            ||     1
       Potion            ||     1
 Stab: Sleeping          ||     1
  Eat: Chunk             ||     5
